 Dungeon Crawl Stone Soup version 0.32-a0-540-g866d13106e (webtiles) character file.

Game seed: 5009574846748452082

621 cforsyth the Grave Robber (level 7, -3/93 HPs)
             Began as a Mountain Dwarf Necromancer on Feb 29, 2024.
             Incinerated by a bombardier beetle (5 damage)
             ... with a burning spray
             ... on level 5 of the Dungeon.
             The game lasted 00:06:31 (5175 turns).

cforsyth the Grave Robber (MDNe)                    Turns: 5175, Time: 00:06:32

Health: -3/93      AC: 23    Str: 12    XL:     7   Next: 22%
Magic:  2/9        EV:  2    Int: 16    God:
Gold:   270        SH:  0    Dex: 10    Spells: 8/9 levels left

rFire   . . .        a - +0 club
rCold   . . .        (no shield)
rNeg    + . .        t - melded +0 plate armour
rPois   +            (helmet currently unavailable)
rElec   .            (cloak currently unavailable)
rCorr   .            c - melded +0 pair of gloves
SInv    .            w - melded +2 pair of boots
Will    .....        (no amulet)
Stlth   +            Z - ring of wizardry
HPRegen 0.35/turn    N - ring of positive energy
MPRegen 0.11/turn

%: wizardry (x1)
@: mighty, brilliant, on fire, tree-form, hasted, glowing, very quick
A: stationary, stasis, torment immunity, boosted hp, runic magic, artefact
enchanting, subdued magic 1
a: no special abilities


You were on level 5 of the Dungeon.
You were a tree.
You visited 1 branch of the dungeon, and saw 5 of its levels.

You collected 270 gold pieces.


Innate Abilities, Weirdness & Mutations

You are a tree.
Your roots penetrate the ground, keeping you stationary.
You cannot be teleported.
You are immune to unholy pain and torment.
Your maximum health is greatly increased.
Your equipment is partially melded.
Your spellcasting is much less encumbered by armour.
You can use scrolls of enchantment on lesser artefacts.
Your spells are a little easier to cast, but a little less powerful.


   Skills:
 + Level 5.9 Fighting
 - Level 1.3 Dodging
 - Level 1.4 Stealth
 - Level 1.7 Spellcasting
 + Level 7.5 Necromancy


You had 8 spell levels left.
You knew the following spells:

 Your Spells              Type           Power      Damage    Failure   Level
X - Necrotise             Necr           100%       1d9       1%          1

Your spell library contained the following spells:

 Spells                   Type           Power      Damage    Failure   Level
 Vampiric Draining        Necr           29%        2d8       1%          3
 Animate Dead             Necr           29%        N/A       3%          4
 Cigotuvi's Dreadful Rot  Necr/Alch/Air  20%        N/A       4%          2
 Curse of Agony           Necr           29%        N/A       9%          5
 Inner Flame              Hex/Fire       1%         N/A       22%         3
 Ignite Poison            Fire/Alch      1%         N/A       58%         4
 Freezing Cloud           Conj/Ice/Air   0%         6-21      89%         5
 Irradiate                Conj/Alch      0%         3d11      89%         5
 Haunt                    Necr/Summ      7%         N/A       100%        7
 Ignition                 Fire           0%         3d3       100%        8
 Infestation              Necr           14%        N/A       100%        8

Inventory:

Hand Weapons
 a - a +0 club (weapon)
Armour
 c - a +0 pair of gloves (melded)
 k - a +0 chain mail
 t - a +0 plate armour (melded)
 w - a +2 pair of boots (melded)
Jewellery
 F - a ring of fire
 N - a ring of positive energy (right branch)
 Z - a ring of wizardry (left branch)
Scrolls
 d - 2 scrolls of noise {unknown}
 e - 2 scrolls of teleportation {@r2}
 f - a scroll of silence {unknown}
 i - 2 scrolls of fear {unknown}
 j - a scroll of enchant armour {unknown}
 l - a scroll of blinking {unknown}
 m - 2 scrolls of identify {unknown}
 o - a scroll of immolation
 p - a scroll of fog {unknown}
 r - a scroll of brand weapon {unknown}
 s - a scroll of revelation {unknown}
 u - 2 scrolls of poison {unknown}
Potions
 g - a potion of might

Dungeon Overview and Level Annotations

Branches:
Dungeon (5/15)             Temple (0/1) D:5

Altars:
Fedhas
Trog
Vehumet
Wu Jian

Shops:
D:4 [

Annotations:
D:4 exclusion: statue

#.........#
#......)..#
#...<.....#
#.........#
#.......<.# ####
#####..#### #..#
#..########.##
####...##......#
#.......#♣######
#.......Z.#
#.......###
#.......#
..........
[.......#.##
.......##.#
>..... ..# .....
...


You could see a friendly iguana skeleton.


Message History

The bombardier beetle dies!
It was a potion of mutation.
You feel extremely strange.
Your connection to magic feels subdued.
The liquid fire burns you!
* * * LOW HITPOINT WARNING * * *
It was a potion of heal wounds.
You feel much better. The liquid fire burns you!
* * * LOW HITPOINT WARNING * * *
Unknown command.
The liquid fire burns you!
* * * LOW HITPOINT WARNING * * *
The liquid fire burns you!
* * * LOW HITPOINT WARNING * * *
The liquid fire burns you!
* * * LOW HITPOINT WARNING * * *
The liquid fire burns you!
* * * LOW HITPOINT WARNING * * *
The liquid fire burns you!
* * * LOW HITPOINT WARNING * * *
The liquid fire burns you!
* * * LOW HITPOINT WARNING * * *
The liquid fire burns you!
* * * LOW HITPOINT WARNING * * *
Okay, then.
The liquid fire burns you!
* * * LOW HITPOINT WARNING * * *
It was a potion of brilliance.
You feel clever all of a sudden. The liquid fire burns you!
You die...

Skill      XL: |  1  2  3  4  5  6 |
---------------+-------------------+-----
Fighting       | 1 2 3 4 5 |  5.9
Necromancy     | 5 6 7 |  7.5
Dodging        | |  1.3
Stealth        | |  1.4
Spellcasting   | |  1.7

Action                     |  1- 3 |  4- 6 |  7- 9 || total
---------------------------+-------+-------+-------++-------
  Melee: Unarmed           |    18 |    15 |       ||    33
         Club              |       |    14 |     6 ||    20
   Cast: Necrotise         |    51 |   132 |    17 ||   200
  Evoke: Wand              |     3 |     2 |       ||     5
    Use: Potion            |       |     1 |     6 ||     7
         Scroll            |       |     1 |       ||     1
 Armour: Robe              |     8 |       |       ||     8
         Chain mail        |    15 |    35 |       ||    50
         Plate armour      |       |    75 |    19 ||    94
  Dodge: Dodged            |    11 |    16 |     1 ||    28

Levels and vault maps discovered:
D:1:      minmay_arrival_doors, layout_loops_corners, nrook_campfire,
          hangedman_decor_diamond_cutter, grunt_decor_mini_mirrors
D:2:      layout_loops_ring, uniq_natasha, uniq_sigmund
D:3:      wad_woods_settlement, layout_basic, hellmonk_ecumenical_altar_blasted
D:4:      layout_basic, nicolae_overflow_hidden_temple, vehumet_statue,
          serial_shops, shop
D:5:      layout_rooms, cheibrodos_ashenzari_chains,
          minmay_temple_entry_sparse_star

Notes
Turn   | Place    | Note
-------+----------+-------------------------------------------
     0 | D:1      | cforsyth the Mountain Dwarf Necromancer began the quest for
                  | the Orb.
     0 | D:1      | Reached XP level 1. HP: 14/14 MP: 3/3
   537 | D:1      | Reached skill level 1 in Fighting
   797 | D:1      | Reached XP level 2. HP: 23/23 MP: 0/4
  1207 | D:2      | Noticed Natasha
  1216 | D:2      | Killed Natasha
  1217 | D:2      | Reached skill level 2 in Fighting
  1217 | D:2      | Reached skill level 5 in Necromancy
  1217 | D:2      | Reached XP level 3. HP: 19/29 MP: 0/5
  1696 | D:2      | Noticed Natasha
  1715 | D:2      | Killed Natasha
  1716 | D:2      | Reached XP level 4. HP: 37/37 MP: 1/6
  1788 | D:2      | Noticed Natasha
  1795 | D:2      | Killed Natasha
  1796 | D:2      | Reached skill level 3 in Fighting
  2150 | D:3      | Found a faded altar of an unknown god.
  2875 | D:3      | Reached XP level 5. HP: 36/45 MP: 2/7
  3115 | D:4      | Found Bithu's Armour Boutique.
  3185 | D:3      | Reached skill level 6 in Necromancy
  3249 | D:4      | Reached skill level 4 in Fighting
  3679 | D:4      | Found a radiant altar of Vehumet.
  3681 | D:4      | Noticed a charred statue
  3818 | D:4      | Reached XP level 6. HP: 53/53 MP: 2/8
  4438 | D:4      | Reached skill level 5 in Fighting
  4438 | D:4      | Reached skill level 7 in Necromancy
  4675 | D:4      | Found a bloodstained altar of Trog.
  4678 | D:4      | Found an ornate altar of the Wu Jian Council.
  4680 | D:4      | Found a blossoming altar of Fedhas.
  4850 | D:5      | Entered Level 5 of the Dungeon
  4850 | D:5      | Found a staircase to the Ecumenical Temple.
  4864 | D:4      | Reached XP level 7. HP: 23/61 MP: 7/9
  5162 | D:5      | HP: 5/62 [burnt (3)]
  5165 | D:5      | Gained mutation: Your spells are a little easier to cast,
                  | but a little less powerful. [potion of mutation]
  5165 | D:5      | HP: 1/93 [burnt (3)]
  5171 | D:5      | HP: 9/93 [burnt (2)]
  5174 | D:5      | HP: 2/93 [burnt (3)]
  5175 | D:5      | Incinerated by a bombardier beetle

Vanquished Creatures
  An ogre (D:4)
  A scorpion (D:4)
  2 orc priests (D:4)
  A hound (D:5)
  2 iguanas
  Natasha (thrice) (D:2)
  5 orc wizards
  3 gnolls (D:3)
  2 adders (D:4)
  3 ribbon worms
  2 orcs
  4 ball pythons
  4 bats
  4 endoplasms
  2 giant cockroaches (D:1)
  3 goblins (D:2)
  A hobgoblin (D:2)
  4 jackals (D:2)
  7 kobolds
  6 quokkas
  A frilled lizard (D:1)
  2 rats
63 creatures vanquished.

Vanquished Creatures (collateral kills)
  A bombardier beetle (D:5)
1 creature vanquished.

Grand Total: 64 creatures vanquished

Table legend: (Time is in decaauts)
 A = Elapsed time spent in this place.
 B = Non-inter-level travel time spent in this place.
 C = Inter-level travel time spent in this place.
 D = Time resting spent in this place.
 E = Time spent auto-exploring this place.
 F = Levels seen in this place.
 G = Mean time per level.
                   A        B        C        D        E       F      G
               +--------+--------+--------+--------+--------+-----+--------+
         Total |   5187 |   5055 |    132 |    614 |   3679 |   5 | 1037.4 |
       Dungeon |   5187 |   5055 |    132 |    614 |   3679 |   5 | 1037.4 |
               +--------+--------+--------+--------+--------+-----+--------+

Top non-repeatable levels by time:
     D:4: 1689 daAuts
     D:3: 1262 daAuts
     D:2: 1072 daAuts
     D:1: 1035 daAuts
     D:5: 128 daAuts

Table legend:
 A = Non-vault XP
 B = Vault XP
 C = Vault XP percentage of total XP
 D = Non-vault monster count
 E = Vault monster count
 F = Vault count percentage of total count
                 A         B        C        D         E       F
            +---------+---------+-------+---------+---------+-------
      Total |     806 |      82 |   9.2 |      57 |       7 |  10.9
            +---------+---------+-------+---------+---------+-------
        D:1 |      15 |       0 |   0.0 |       8 |       0 |   0.0
        D:2 |     100 |      35 |  25.9 |      18 |       1 |   5.3
        D:3 |     120 |      47 |  28.1 |      11 |       6 |  35.3
        D:4 |     444 |       0 |   0.0 |      16 |       0 |   0.0
        D:5 |     127 |       0 |   0.0 |       4 |       0 |   0.0
            +---------+---------+-------+---------+---------+-------
